AoeStats
← El Professor

Black Forest

509972913Analyzed
2v2 RM · 3d ago on Sep 28, 2026· 72m 59s· 4 players
Game mode
Random Map
Map size
Medium (4 player)
Population
200
Speed
Normal
Resources
Standard
Victory
Conquest
Starting age
Dark Age
Ending age
Imperial Age
RankedLock teamsTeams togetherTeam positionsShared explorationLock speedFull tech treeHidden civsTurbo modeCheats
Victory
Defeat
🇰🇷 Wu · South Korea
859
+15
🇨🇳 Shu · China
819
+17
🇬🇧 Bohemians · United Kingdom
837
-16
🇪🇸 Goths · Spain
835
-16
ng879635
11:46 Feudal Age
13:09 Wheelbarrow
12:17 Horse Collar
12:26 Double-Bit Axe
14:58 Fishing Lines
18:07 Gold Mining
18:57 Loom
21:48 Castle Age
22:46 Hand Cart
22:58 Bow Saw
24:07 Heavy Plow
25:11 Stone Mining
27:55 Gold Shaft Mining
28:41 Caravan
37:15 Imperial Age
34:54 Crossbowman
35:40 Thumb Ring
39:23 Two-Man Saw
38:51 Conscription
38:36 Bolt Magazine
40:14 Elite Skirmisher
40:15 Arbalester
41:44 Coiled Serpent Array
41:59 Pikeman
42:39 Squires
42:25 Arson
43:46 Light Cavalry
45:00 Forging
44:40 Fletching
44:56 Scale Barding Armor
44:51 Scale Mail Armor
44:52 Padded Archer Armor
47:45 Chemistry
47:06 Ballistics
46:26 Treadmill Crane
46:52 Siege Engineers
46:49 Bodkin Arrow
47:15 Chain Barding Armor
46:39 Halberdier
46:46 Elite White Feather Guard
48:03 Heavy Hei Guang Cavalry
48:44 Husbandry
49:06 Leather Archer Armor
49:07 Chain Mail Armor
50:04 Gillnets
51:30 Plate Barding Armor
51:26 Ring Archer Armor
50:57 Bracer
52:31 Coinage
52:11 Guilds
52:50 Plate Mail Armor
67:17 Onager
68:57 Banking
changlee8
0:33 Loom
15:22 Feudal Age
16:04 Fishing Lines
16:31 Town Watch
17:21 Gold Mining
18:03 Stone Mining
19:20 Double-Bit Axe
19:21 Horse Collar
22:18 Castle Age
22:43 Wheelbarrow
23:39 Town Patrol
23:52 Bow Saw
23:51 Heavy Plow
25:23 Man-at-Arms
26:06 Husbandry
26:18 Bloodlines
27:29 Forging
27:19 Scale Mail Armor
27:10 Fletching
29:28 Elite Skirmisher
30:27 Bodkin Arrow
30:33 Padded Archer Armor
33:07 Leather Archer Armor
36:04 Imperial Age
33:53 Pikeman
34:33 Squires
34:18 Arson
36:06 Gold Shaft Mining
36:09 Stone Shaft Mining
37:16 Hand Cart
37:21 Heavy Hei Guang Cavalry
38:50 Long Swordsman
40:24 Iron Casting
40:04 Chain Mail Armor
39:56 Scale Barding Armor
40:46 Crossbowman
40:48 Two-Handed Swordsman
41:27 Light Cavalry
41:47 Champion
41:52 Arbalester
42:57 Bracer
43:48 Hussar
44:56 Sitting Tiger
45:43 Halberdier
55:00 Two-Man Saw
61:04 Gillnets
64:34 Onager
74:24 Blast Furnace
73:54 Plate Mail Armor
73:44 Chain Barding Armor
73:46 Ballistics
73:22 Murder Holes
Remy
12:30 Feudal Age
17:33 Castle Age
16:44 Horse Collar
16:51 Double-Bit Axe
21:59 Chemistry
22:08 Fletching
23:07 Padded Archer Armor
25:03 Ballistics
32:18 Imperial Age
30:26 Wheelbarrow
32:01 Bodkin Arrow
32:54 Leather Archer Armor
34:20 Conscription
34:13 Elite Skirmisher
35:50 Town Watch
35:51 Loom
36:24 Bow Saw
39:14 Wagenburg Tactics
40:22 Bracer
40:52 Ring Archer Armor
41:22 Elite Hussite Wagon
43:08 Two-Man Saw
44:05 Forging
43:56 Scale Mail Armor
44:02 Scale Barding Armor
46:08 Murder Holes
64:35 Hand Cart
64:21 Town Patrol
72:02 Chain Mail Armor
El Professor
0:27 Loom
13:56 Feudal Age
14:59 Double-Bit Axe
15:38 Man-at-Arms
17:35 Scale Mail Armor
17:46 Forging
21:54 Wheelbarrow
24:52 Castle Age
23:03 Stone Mining
23:24 Horse Collar
25:38 Squires
25:50 Bow Saw
26:25 Stone Shaft Mining
25:43 Gold Mining
25:37 Long Swordsman
28:35 Hand Cart
31:29 Chain Mail Armor
32:27 Iron Casting
34:54 Heavy Plow
38:57 Imperial Age
37:04 Fletching
37:53 Padded Archer Armor
37:57 Town Watch
39:05 Leather Archer Armor
39:17 Anarchy
41:30 Two-Man Saw
41:30 Conscription
45:00 Blast Furnace
46:51 Bodkin Arrow
47:39 Masonry
47:51 Ballistics
47:32 Pikeman
62:23 Pikeman
66:35 Town Patrol
Connection lost

Rejoining the realm…

Still unreachable

The connection could not be restored.

Session expired

The server has moved on; the page needs a fresh start.